 Dungeon Crawl Stone Soup version 0.30-a0-630-g881e3bac89 (webtiles) character file.

Game seed: 14296123109579565666

515 Bnni the Vexing (level 7, -1/51 HPs)
             Began as a Formicid Hexslinger on Jan 13, 2023.
             Slain by a gnoll
             ... wielding a +0 spear
             ... led by a gnoll bouda
              (4 damage)
             ... on level 4 of the Dungeon.
             The game lasted 00:07:46 (3137 turns).

Bnni the Vexing (Formicid Hexslinger)               Turns: 3137, Time: 00:07:47

Health: -1/51      AC:  5    Str: 14    XL:     7   Next: 44%
Magic:  0/10       EV: 12    Int: 15    God:
Gold:   192        SH:  0    Dex: 14    Spells: 0/11 levels left

rFire   + . .      SeeInvis +    a - +1 sling
rCold   + . .      Faith    .    (no shield)
rNeg    . . .      Spirit   .    j - +1 robe
rPois   .          Reflect  .    (helmet unavailable)
rElec   .          Harm     .    g - scarf {rC+ rF+}
rCorr   .          Rampage  .    (no gloves)
Will    .....                    e - +1 pair of boots
Stlth   +                        (no amulet)
HPRegen 0.28/turn                (no ring)
MPRegen 0.12/turn                (no ring)

@: weakened, portalling projectiles
A: permanent stasis, dig shafts and tunnels, antennae 3, four strong arms
a: Dig, Shaft Self


You were on level 4 of the Dungeon.
You visited 1 branch of the dungeon, and saw 4 of its levels.

You collected 192 gold pieces.

Inventory:

Hand Weapons
 a - a +1 sling (weapon)
Missiles
 p - 5 poisoned darts
Armour
 e - a +1 pair of boots (worn)
 g - a scarf of resistance (worn)
 j - a +1 robe (worn)
Wands
 k - a wand of flame (14)
Scrolls
 b - 3 scrolls of poison
 c - a scroll of teleportation {unknown}
 d - 2 scrolls of noise {unknown}
 f - a scroll of acquirement
 i - a scroll of silence {unknown}
 l - 2 scrolls of blinking {unknown}
 q - a scroll of immolation {unknown}
Potions
 h - 2 potions of attraction
 m - a potion of might
 n - 2 potions of ambrosia
 o - 3 potions of curing
 r - 2 potions of resistance
 s - a potion of berserk rage {unknown}


   Skills:
 + Level 2.8 Fighting
 * Level 4.3 Ranged Weapons
 - Level 1.7 Dodging
 + Level 2.6 Spellcasting
 * Level 5.7 Hexes
 + Level 0.6 Translocations
 - Level 3.0 Fire Magic


You couldn't memorise any spells.
You knew the following spells:

 Your Spells              Type           Power      Damage    Failure   Level
a - Slow                  Hex            76%        N/A       1%          1
b - Inner Flame           Hex/Fire       15%        N/A       11%         3
c - Portal Projectile     Hex/Tloc       22%        N/A       17%         3
d - Cause Fear            Hex            9%         N/A       19%         4

Your spell library contained the following spells:

 Spells                   Type           Power      Damage    Failure   Level
 Call Canine Familiar     Summ           1%         N/A       54%         3
 Leda's Liquefaction      Hex/Erth       5%         N/A       54%         4
 Animate Dead             Necr           1%         N/A       91%         4
 Borgnjor's Vile Clutch   Necr/Erth      0%         N/A       99%         5
 Death Channel            Necr           0%         N/A       100%        6


Dungeon Overview and Level Annotations

Branches:
Dungeon (4/15)
 Temple: D:4-7

Altars:
Makhleb
Trog
Uskayaw

Shops:
D:1 ?


Innate Abilities, Weirdness & Mutations

You cannot be hasted, slowed, berserked, paralysed or teleported.
You can dig through walls and to a lower floor.
You have a pair of large antennae on your head. (SInv)
Your four strong arms can wield two-handed weapons with a shield.


Message History

The gnoll hits you with a +0 club.
The kobold brigand throws a poisoned dart.
The poisoned dart barely misses you.
The gnoll bouda barks out a call to the hunt!
The gnolls pick up the pace!
You feel sick. The gnoll barely misses you.
You feel sick. The gnoll hits you with a +0 club.
You feel sick. The gnoll hits you but does no damage.
Fire: a) +1 sling
Press: ? - help, Shift-Dir - straight line, f - gnoll
Aim: a gnoll, wielding a +0 club (covering ground quickly, 64% to hit)
You shoot a sling bullet. The sling bullet hits the gnoll.
The gnoll is heavily wounded.
You feel sick. The gnoll barely misses you.
The gnoll hits you but does no damage.
You shoot a sling bullet.
The sling bullet barely misses the gnoll.
You feel sick. The gnoll hits you but does no damage.
The gnoll hits you from afar with a +0 spear.
* * * LOW HITPOINT WARNING * * *
Casting: Portal Projectile (dangerous; 17% risk of failure)
Confirm with . or Enter, or press ? or * to list all spells.
You begin teleporting projectiles to their destination.
You feel sick. The gnoll hits you with a +0 club.
* * * LOW HITPOINT WARNING * * *
The gnoll hits you but does no damage.
Fire: a) +1 sling
Press: ? - help, Shift-Dir - straight line, f - kobold brigand, p - gnoll
Aim: a kobold brigand, wielding a +0 dagger and quivering poisoned darts (severely wounded, inner flame, 53% to hit)
You magically shoot a sling bullet.
The sling bullet hits the kobold brigand but does no damage.
The kobold brigand is severely wounded.
You feel sick.
You are no longer poisoned.
The gnoll bouda gazes fiercely through you!
You feel your attacks grow feeble. The gnoll hits you with a +0 club.
* * * LOW HITPOINT WARNING * * *
The gnoll hits you from afar with a +0 spear.
You die...

.
....##.###................#
.........#..##............
............#...........#
##.###.....##.#.........##..
#. ###.###..##............
.. #....#..###...........
#....#....## ##..........
##..####....# #.........#
#.....###@.## #..........
........##g## #.........#
... #..r.grK#####..........
.....#..g...##.#....#.....#
. #.............#......#
#.............##.<)..#
#..............#.......
.g..............#.......
.................##......


You could see a kobold brigand (inner flame), a gnoll bouda, 3 gnolls and a
quokka.

Vanquished Creatures
  Sigmund (D:2)
  The ghost of Bnni the Sneak, a weakling VSBr (D:3)
  A jelly (D:4)
  Terence (D:2)
  Natasha (thrice) (D:2)
  2 orc wizards (D:3)
  3 gnolls (D:3)
  3 adders
  A shadow imp (D:3)
  4 worms
  A dart slug (D:1)
  4 orcs
  5 bats
  10 endoplasms
  A giant cockroach (D:1)
  6 goblins
  8 hobgoblins
  6 kobolds
  5 quokkas
  6 ball pythons
  A frilled lizard (D:3)
  4 rats
77 creatures vanquished.

Notes
Turn   | Place    | Note
-------+----------+-------------------------------------------
     0 | D:1      | Bnni the Formicid Hexslinger began the quest for the Orb.
     0 | D:1      | Reached XP level 1. HP: 15/15 MP: 2/2
   105 | D:1      | Reached XP level 2. HP: 21/21 MP: 3/3
   129 | D:1      | Found Raenoqoss's Magic Scroll Boutique.
   547 | D:1      | Reached skill level 4 in Hexes
   764 | D:2      | Reached XP level 3. HP: 26/26 MP: 4/4
   768 | D:2      | Learned a level 3 spell: Inner Flame
   792 | D:2      | Reached skill level 1 in Fire Magic
   817 | D:2      | Noticed Natasha
   832 | D:2      | Killed Natasha
   833 | D:2      | Reached XP level 4. HP: 6/32 MP: 1/6
   941 | D:2      | Noticed Sigmund
   960 | D:2      | Killed Sigmund
   961 | D:2      | Reached skill level 5 in Hexes
   961 | D:2      | Reached XP level 5. HP: 20/38 MP: 2/8
   961 | D:2      | Reached XP level 6. HP: 23/44 MP: 2/9
  1024 | D:2      | Learned a level 4 spell: Cause Fear
  1151 | D:2      | Noticed Natasha
  1162 | D:2      | Killed Natasha
  1351 | D:2      | Noticed Natasha
  1371 | D:2      | Killed Natasha
  1383 | D:2      | Noticed Terence
  1389 | D:2      | Killed Terence
  2115 | D:3      | Found a burning altar of Makhleb.
  2115 | D:3      | Found a bloodstained altar of Trog.
  2115 | D:3      | Found a hide-covered altar of Uskayaw.
  2190 | D:3      | Identified a scroll of acquirement
  2221 | D:3      | Found a runed translucent door.
  2221 | D:3      | Noticed Bnni's ghost (weakling VSBr)
  2270 | D:3      | Reached XP level 7. HP: 32/51 MP: 3/10
  2450 | D:3      | Killed Bnni's ghost
  2514 | D:3      | Found a faded altar of an unknown god.
  2762 | D:3      | Acquired a scarf of resistance
  2879 | D:4      | Learned a level 3 spell: Portal Projectile
  3137 | D:4      | Slain by a gnoll

Illustrated notes

Levels and vault maps discovered:
D:1:      psy_arrival_terrarium, layout_loops_ring, serial_shops, shop,
          nicolae_concentric_dashed_squares_wild, minmay_heptomino_o4
D:2:      layout_loops_cross, minmay_misc_feat_rugged, minmay_cut_off,
          uniq_natasha, uniq_sigmund, uniq_terence
D:3:      layout_rooms, chequers_temple_overflow_statue_of_worship,
          hellmonk_ghost_happy_afterlife,
          hellmonk_ecumenical_altar_leap_of_faith
D:4:      layout_cave_pools

Skill      XL: |  1  2  3  4  5  6  7 |
---------------+----------------------+-----
Hexes          | 4 5 |  5.7
Fire Magic     | 1 2 3 |  3.0
Fighting       | 2 |  2.8
Ranged Weapons | 3 4 |  4.3
Spellcasting   | 2 |  2.6
Dodging        | |  1.7
Translocations | |  0.6

Action                   |  1- 3 |  4- 6 |  7- 9 || total
-------------------------+-------+-------+-------++-------
 Fire: Sling             |    66 |   155 |   100 ||   321
 Cast: Slow              |     4 |     8 |     3 ||    15
       Inner Flame       |       |     4 |     3 ||     7
       Portal Projectile |       |       |     2 ||     2
  Use: Scroll            |       |     5 |     2 ||     7
       Potion            |       |       |     1 ||     1
Armor: Robe              |    13 |    23 |    19 ||    55
Dodge: Dodged            |    23 |    56 |    37 ||   116

Table legend: (Time is in decaauts)
 A = Elapsed time spent in this place.
 B = Non-inter-level travel time spent in this place.
 C = Inter-level travel time spent in this place.
 D = Time resting spent in this place.
 E = Time spent auto-exploring this place.
 F = Levels seen in this place.
 G = Mean time per level.
                   A        B        C        D        E       F      G
               +--------+--------+--------+--------+--------+-----+--------+
         Total |   3210 |   3097 |    113 |    488 |   1863 |   4 |  802.5 |
       Dungeon |   3210 |   3097 |    113 |    488 |   1863 |   4 |  802.5 |
               +--------+--------+--------+--------+--------+-----+--------+

Top non-repeatable levels by time:
     D:2: 1227 daAuts
     D:3: 838 daAuts
     D:1: 764 daAuts
     D:4: 379 daAuts
